Map: Acid Plant LE

Players

Gemini

  • Race: Protoss Protoss
  • League: Grandmaster
  • Spawn Location: 5:00

A.I. 1 (Very Easy) - Winner!

  • Race: Protoss Protoss
  • Spawn Location: 11:00

VOD

Have the link to the VOD?

Description

Time

  • Played on: Aug. 7, 2018, 12:40 a.m.
  • Length: 9:17
Show
View Real Time Build Order
Export as new Build Order

Gemini Protoss 

Build Orders: Zealot Archon, Dark Templar Rush 

Get SALT Encoding   

  12  0:00  Probe  
  13  0:13  Probe  
  14  0:17  Pylon  
  14  0:25  Probe  
  15  0:33  Probe  
  15  0:36  Gateway  
  15  0:41  Probe  
  16  0:46  Assimilator  
  17  0:51  Probe  
  17  0:55  Assimilator  
  18  1:03  Probe  
  19  1:09  Gateway  
  19  1:15  Probe  
  20  1:24  Cybernetics Core  
  20  1:28  Probe  
  21  1:38  Pylon  
  21  1:40  Probe  
  22  1:52  Probe  
  22  1:54  Adept x2  
  25  2:02  Warp Gate  
  25  2:07  Probe  
  28  2:13  Pylon  
  28  2:20  Twilight Council  
  28  2:28  Adept  
  30  2:32  Adept  
  32  2:55  Adept  
  34  2:59  Adept  
  34  3:02  Dark Shrine  
  36  3:09  Pylon  
  36  3:30  Shield Battery  
  36  3:33  Nexus  
  36  3:38  Probe  
  37  3:55  Robotics Facility  
  37  3:56  Probe  
  38  4:08  Probe  
  39  4:16  Dark Templar x2  
  41  4:22  Probe  
  42  4:25  Pylon  
  42  4:35  Probe  
  42  4:37  Immortal  
  43  4:46  Shield Battery  
  43  4:48  Probe  
  43  4:51  Probe  
  49  5:00  Probe  
  49  5:03  Probe  
  51  5:09  Sentry  
  51  5:12  Forge, Probe  
  54  5:15  Probe  
  54  5:16  Observer  
  54  5:18  Protoss Ground Weapons Level 1  
  56  5:24  Probe x2, Assimilator  
  56  5:26  Assimilator  
  58  5:33  Probe  
  58  5:36  Probe  
  58  5:38  Pylon  
  58  5:42  Probe, Immortal  
  64  5:48  Probe  
  66  5:52  Charge  
  66  5:54  Probe  
  67  6:00  Probe  
  68  6:06  Probe  
  68  6:10  Pylon  
  69  6:20  Gateway  
  69  6:23  Gateway x2  
  69  6:26  Gateway  
  69  6:29  Templar Archives  
  69  6:33  Protoss Ground Weapons Level 2  
  69  6:40  Immortal  
  73  6:51  Nexus  
  73  6:53  Pylon  
  73  7:05  Probe x2  
  75  7:08  High Templar x2  
  75  7:14  Archon  
  79  7:19  High Templar x2  
  83  7:23  Archon, Zealot x2  
  83  7:28  Pylon  
  91  7:30  Immortal  
  91  7:38  Gateway  
  91  7:39  Probe x2  
  91  7:40  Gateway  
  93  7:47  Pylon  
  93  7:48  Zealot  
  95  7:52  Probe x2  
  95  7:53  Zealot  
  95  7:55  High Templar  
  101  7:59  Warp Prism  
  101  8:02  High Templar  
  103  8:07  Probe x3  
  103  8:10  Archon  
  108  8:19  Zealot x3  
  114  8:26  Pylon x2  
  114  8:29  High Templar x2  
  114  8:33  Archon  
  118  8:41  Zealot x3  
  124  8:45  Zealot x3  
  130  8:52  Pylon  
  130  8:58  Archon  
  130  9:01  Zealot x3  
  136  9:10  Zealot x5  
Show
View Real Time Build Order
Export as new Build Order

A.I. 1 (Very Easy) Protoss - Winner!

Build Orders:  

Get SALT Encoding   

  12  0:00  Probe  
  13  0:13  Probe  
  14  0:20  Pylon  
  14  0:37  Assimilator  
  14  0:43  Gateway  
  14  0:46  Pylon  
  14  1:15  Assimilator  
  14  1:24  Probe  
  14  1:32  Probe  
  15  1:33  Zealot  
  15  1:35  Cybernetics Core  
  18  1:40  Probe  
  19  1:50  Probe  
  20  2:00  Probe  
  21  2:08  Probe  
  21  2:11  Warp Gate  
  22  2:46  Stalker  
  24  3:01  Pylon  
  24  3:10  Stalker  
  24  3:44  Zealot  
  26  3:59  Probe  
  26  4:11  Probe  
  15  4:20  Zealot  
  15  4:23  Probe  
  10  4:35  Probe  
  11  4:47  Probe  
  11  4:48  Stalker  
  11  4:59  Probe  
  7  5:11  Probe  
  8  5:17  Zealot  
  10  5:23  Probe  
  11  5:35  Probe  
  12  5:48  Probe  
  13  6:00  Probe  
  14  6:09  Probe  
  14  6:17  Probe  
  16  6:26  Probe  
  17  6:38  Probe  
  18  6:50  Probe  
  19  7:02  Probe  
  20  7:11  Probe  
  21  7:19  Probe  
  21  7:24  Adept  
  21  7:27  Robotics Facility  
  21  7:29  Probe  
  25  7:38  Nexus  
  25  7:41  Probe  
  26  7:53  Probe  
  27  8:05  Probe  
  28  8:08  Observer  
  28  8:17  Probe  
  30  8:26  Observer  
  29  8:29  Probe  
  29  8:33  Stalker  
  27  8:41  Probe  
  28  8:53  Probe  
  28  8:55  Probe  
Tags
 
Composition
Zealot Archon
Matchup
PvP
Spawn Locations
Cross Positions
Add a new tag
Caveats
  • Supply blocks, unpowered buildings, or Contaminate may cause inaccurate times.
  • Supply counts are checked every 10 seconds.